Construct Infanterie Kompanie
Selects Luftwaffe Battlegroup
Selects Luftwaffe Pioneer Support
Fallschirmpioneer Squad Paradrop
Construct Panzergrenadier Kompanie
Selects Stuka Strafing Run
Pak 40 Anti-tank Gun Team
Selects Fallschirmjäger Squad Paradrop
Selects Flak 38 Anti-Air Emplacement
Nebelwerfer 42 Rocket Launcher Team
Fallschirmjäger Squad Paradrop
Selects Infantry Reserves
Nebelwerfer 42 Rocket Launcher Team
Panzergrenadier Officer Quarters
Fallschirmjäger Squad Paradrop